Unix NetHack Version 3.7.0-95 Work-in-progress - last build Jan 1 2024 20:51:50 (6a0ccc5fa2390e420dd2d488a2f9488d2ae3a63b,branch:master). Game began 2024-01-10 23:06:21, ended 2024-01-10 23:09:11. Arasaka, neutral male human Tourist -------- --------------- $ .......| --- |.....`.......| -------- #|......| --.-- |.............-## |......-####|.......#--...-- |.........(...| #B ------- |......| #.......|#......| -----------.--- @ ###......| |......| ###-------- --..>-- ##### # ## |.....| $ ------.- ## ###--.-- # # ## #-.....| ##### # ##-.- # ###)## ###------- # # ######## ### #----- # ## # $ ##### ####### #|....## # # # ### #....| -------.--------# ###### #|...| |..............|# -.----.--------- #|...| |........{.....|# |..<...........| ####----- |..............|# |..............| # |>..............# |..............| ### $$ ---------------- $ |..............|0### $$ ---------------- $ Arasaka the Rambler St:12 Dx:8 Co:17 In:11 Wi:10 Ch:17 Neutral Dlvl:2 $:628 HP:0(15) Pw:4(4) AC:9 Xp:2/29 T:623 Latest messages: (For instructions type a '?') You swap places with Korone. With great effort you move the boulder. You are hit by a dart. The kobold misses! You miss the kobold. You miss the kobold. The kobold hits! You miss the kobold. The kobold hits! You hit the kobold. You miss the kobold. You miss the kobold. Korone misses it. You hit the kobold. The kobold hits! Korone bites it. You kill the kobold! v - a bag containing 1 item. What do you want to use or apply? [klnv or ?*] Never mind. What do you want to adjust? [a-prsuv or ?*] Adjust letter to what [qtv-zA-Z] (? see used letters)? Moving: z - a bag containing 1 item. What do you want to use or apply? [klnz or ?*] w - a white gem. What do you want to adjust? [a-prsuwz or ?*] Adjust letter to what [iqtvxyA-Z] (? see used letters)? Never mind. What do you want to invoke? [*] Never mind. Korone drops a dart. You swap places with Korone. You swap places with Korone. $ - 5 gold pieces (628 in total). Where do you want to travel to? (For instructions type a '?') The bat bites! You miss the bat. Where do you want to travel to? (For instructions type a '?') Unknown direction: 'M-.' (use 'h', 'j', 'k', 'l' or '.'). The bat bites! You miss the bat. The bat bites! The bat bites! You miss the bat. The bat bites! The bat bites! You die... Inventory: Coins ('$') $ - 628 gold pieces Weapons (')') a - 32 uncursed +2 darts (at the ready) p - an uncursed +1 orcish dagger (weapon in right hand) Armor ('[') o - an uncursed +0 orcish helm (being worn) j - an uncursed +0 Hawaiian shirt with an orchid motif Comestibles ('%') u - an uncursed cram ration d - 6 uncursed food rations e - an uncursed pancake f - an uncursed pear b - an uncursed tin of broiled sewer rat meat c - 4 uncursed eggs Scrolls ('?') i - 4 uncursed scrolls of magic mapping Potions ('!') g - a blessed potion of extra healing h - an uncursed potion of extra healing r - a cursed potion of monster detection Rings ('=') m - an uncursed ring of regeneration s - a cursed ring of teleportation Tools ('(') z - an empty uncursed bag of holding n - an uncursed brass lantern l - an uncursed credit card k - an uncursed expensive camera (0:77) Gems/Stones ('*') w - an uncursed worthless piece of white glass Arasaka the Tourist's attributes: Background: You were a Rambler, a level 2 male human Tourist. You were neutral, on a mission for The Lady who was opposed by Blind Io (lawful) and Offler (chaotic). You were right-handed. You were in the Dungeons of Doom, on level 2. You entered the dungeon 623 turns ago. It was nighttime. There was a new moon in effect when your adventure ended. You had 29 experience points, 11 more were needed to attain level 3. Basics: You had 0 out of 15 hit points. You had all 4 energy points (spell power). Your armor class was 9. Your wallet contained 628 zorkmids. Autopickup was on for '$"?' plus thrown, with exceptions. Final Characteristics: Your strength was 12 (limit:18/100). Your dexterity was 8 (limit:18). Your constitution was 17 (limit:18). Your intelligence was 11 (limit:18). Your wisdom was 10 (limit:18). Your charisma was 17 (limit:18). Final Status: You weren't hungry. You were unencumbered. You were wielding a dagger. You were unskilled in dagger. Final Attributes: You were fervently aligned. You are dead. Miscellaneous: You disabled loading of bones levels. Total elapsed playing time was 2 minutes and 50 seconds. Major events: Turn 1: Arasaka the neutral male human Tourist entered the dungeon 347: entered the Gnomish Mines 623: killed by a bat Vanquished creatures: 2 jackals 4 kobolds 2 goblins 2 lichens 2 newts 12 creatures vanquished. No species were genocided or became extinct. Voluntary challenges: You were an atheist. You read items or engraved 2 times. You never engraved Elbereth. You never genocided any monsters. You never polymorphed an object. You never changed form. You used no wishes. Achievement: You entered the Gnomish Mines. The Dungeons of Doom: levels 1 to 2 Level 1: A fountain. Level 2: <- You were here. A fountain. Stairs down to The Gnomish Mines. Final resting place for you, killed by a bat. The Gnomish Mines: Level 3: Game over: ---------- / \ / REST \ / IN \ / PEACE \ / \ | Arasaka | | 628 Au | | killed by a bat | | | | | | | | 2024 | *| * * * | * _________)/\\_//(\/(/\)/\//\/|_)_______ Aloha Arasaka the Tourist... You died in The Dungeons of Doom on dungeon level 2 with 257 points, and 628 pieces of gold, after 623 moves. You were level 2 with a maximum of 15 hit points when you died.